 Dungeon Crawl Stone Soup version 0.28-a0-991-g956f0ee3d5 (webtiles) character file.

Game seed: 5911553496792141981

159875 blank1 the Warrior (level 17, -5/258 HPs)
             Began as a Hill Orc Fighter on Dec 5, 2021.
             Was the Champion of Okawaru.
             Slain by a jumping spider (7 damage)
             ... on level 3 of the Spider Nest.
             The game lasted 01:14:23 (27327 turns).

blank1 the Warrior (Hill Orc Fighter)              Turns: 27327, Time: 01:14:24

Health: -5/258     AC: 31    Str: 29 (31) XL:     17   Next: 75%
Magic:  1/21       EV:  6    Int:  5      God:    Okawaru [******]
Gold:   3702       SH:  0    Dex: 18 (19) Spells: 16/16 levels left

rFire   + . .      SeeInvis .   h - +8 broad axe of the Trees {protect, Will+ Str+4}
rCold   + . .      Faith    .   F - +1 kite shield {rC+}
rNeg    . . .      Spirit   .   a - +0 crystal plate armour
rPois   +          Reflect  .   L - +2 hat {Will+}
rElec   +          Harm     .   p - +2 cloak
rCorr   +          Rampage  .   X - +2 pair of gloves "Lisuoxt" {rF+ Will++ rCorr Int-3}
Will    +++++                   T - +1 pair of boots
Stlth   ..........              z - amulet "Gujekka" {rElec Will+ Regen+ Dex+3}
HPRegen 1.33/turn               o - +6 ring of dexterity
MPRegen 0.17/turn               Z - ring of poison resistance

@: berserking, lethally poisoned (-5 -> -6), corroded, held, very quick
A: no striking features
a: Renounce Religion, Heroism, Finesse, Duel


You were on level 3 of the Spider Nest.
You worshipped Okawaru.
Okawaru was exalted by your worship.
You visited 6 branches of the dungeon, and saw 29 of its levels.
You also visited: Gauntlet.

You collected 3864 gold pieces.
You spent 162 gold pieces at shops.

Inventory:

Hand Weapons
 h - the +8 broad axe of the Trees (weapon) {protect, Will+ Str+4}
   (Okawaru gifted it to you on level 15 of the Dungeon)

   It grants its wielder temporary protection when it strikes (+7 to AC).
   Str:       It affects your strength (+4).
   Will:      It increases your willpower.
 Y - a +0 hand axe of flaming
Missiles
 C - 2 throwing nets (quivered)
Armour
 a - a +0 crystal plate armour (worn)
 p - a +2 cloak (worn)
 v - a +2 hat of see invisible
 y - a +2 tower shield
 F - a +1 kite shield of cold resistance (worn)
 L - a +2 hat of willpower (worn)
 T - a +1 pair of boots (worn)
 X - the +2 pair of gloves "Lisuoxt" (worn) {rF+ Will++ rCorr Int-3}
   (Okawaru gifted it to you on level 6 of the Lair of Beasts)

   Int:       It affects your intelligence (-3).
   rF:        It protects you from fire.
   rCorr:     It protects you from acid and corrosion.
   Will:      It greatly increases your willpower.
Jewellery
 o - a +6 ring of dexterity (left hand)
 q - a ring of see invisible
 x - a +4 ring of protection
 z - the amulet "Gujekka" (around neck) {rElec Will+ Regen+ Dex+3}
   (You acquired it on level 1 of the Lair of Beasts)

   [amulet of regeneration]

   Dex:       It affects your dexterity (+3).
   rElec:     It insulates you from electricity.
   Regen:     It increases your rate of health regeneration.
   Will:      It increases your willpower.
 M - a +6 ring of strength
 Z - a ring of poison resistance (right hand)
Wands
 m - a wand of flame (50)
 s - a wand of acid (8)
 G - a wand of iceblast (15)
 P - a wand of digging (5)
Scrolls
 d - 4 scrolls of fear
 f - 5 scrolls of identify
 i - 6 scrolls of enchant weapon
 k - 10 scrolls of teleportation
 r - a scroll of holy word
 D - 3 scrolls of amnesia
 E - a scroll of torment
 I - 4 scrolls of blinking
 J - 5 scrolls of enchant armour
 K - 6 scrolls of fog
 S - a scroll of brand weapon
 V - a scroll of magic mapping
Potions
 b - a potion of heal wounds
 c - 6 potions of mutation
 e - 9 potions of curing
 g - 6 potions of flight
 j - 3 potions of might
 l - 2 potions of haste
 n - 3 potions of brilliance
 u - 4 potions of lignification
 H - 2 potions of attraction
 N - a potion of resistance
 O - a potion of berserk rage
 Q - a potion of magic
 R - a potion of ambrosia
 U - 2 potions of cancellation


   Skills:
 + Level 20.7 Fighting
 - Level 4.0 Long Blades
 - Level 18.0 Axes
 - Level 15.0 Armour
 - Level 10.0 Dodging
 - Level 15.0 Shields
 - Level 6.0 Invocations


You had 16 spell levels left.
You didn't know any spells.
Your spell library contained the following spells:

 Spells                   Type           Power      Damage    Failure   Level
 Apportation              Tloc           0%         N/A       100%        1
 Magic Dart               Conj           0%         1d3       100%        1
 Pain                     Necr           0%         1d4       100%        1
 Static Discharge         Conj/Air       0%         N/A       100%        2
 Dazzling Flash           Conj/Hex       0%         N/A       100%        3
 Frozen Ramparts          Ice            0%         1d2       100%        3
 Mephitic Cloud           Conj/Pois/Air  0%         N/A       100%        3
 Vampiric Draining        Necr           0%         2d6       100%        3
 Airstrike                Air            0%         N/A       100%        4
 Hailstorm                Conj/Ice       0%         3d3       100%        4
 Leda's Liquefaction      Hex/Erth       0%         N/A       100%        4
 Petrify                  Tmut/Erth      0%         N/A       100%        4
 Agony                    Necr           0%         N/A       100%        5
 Alistair's Intoxication  Tmut/Pois      0%         N/A       100%        5
 Iskenderun's Battlesphe  Conj           0%         2d6       100%        5
 Lightning Bolt           Conj/Air       0%         1d11      100%        5
 Metabolic Englaciation   Hex/Ice        0%         N/A       100%        5
 Silence                  Hex/Air        0%         N/A       100%        5
 Yara's Violent Unravell  Hex/Tmut       0%         3d3       100%        5
 Iron Shot                Conj/Erth      0%         9d1       100%        6
 Statue Form              Tmut/Erth      0%         N/A       100%        6
 Ozocubu's Refrigeration  Ice            0%         4d5       100%        7
 Maxwell's Capacitive Co  Air            0%         ∞         100%        8
 Animate Skeleton         Necr           Unusable   N/A       N/A         1
 Call Imp                 Summ           Unusable   N/A       N/A         2
 Tukima's Dance           Hex            Unusable   N/A       N/A         3
 Summon Lightning Spire   Summ/Air       Unusable   N/A       N/A         4
 Summon Forest            Summ/Tloc      Unusable   N/A       N/A         5
 Spellforged Servitor     Conj/Summ      Unusable   N/A       N/A         7

Dungeon Overview and Level Annotations

Branches:
Dungeon (15/15)            Temple (1/1) D:7            Lair (6/6) D:11
  Swamp (0/4) Lair:4       Spider (3/4) Lair:4        Slime (0/5) Lair:5
    Orc (2/2) D:12            Elf (2/3) Orc:2        Vaults (0/5) D:14
 Depths (0/4) D:15        Gauntlet (visited)

Altars:
Ashenzari
Cheibriados
Dithmenos
Elyvilon
Fedhas
Gozag
Hepliaklqana
Kikubaaqudgha
Makhleb
Nemelex Xobeh
Okawaru
Qazlal
Ru
Sif Muna
Uskayaw
Wu Jian
Xom
Yredelemnul
Zin
The Shining One
Beogh

Shops:
D:3 ?   D:13 *   Orc:2 =![?

Annotations:
D:10 1 runed translucent door, Kuderic's ghost, journeyman MiBe
D:13 3 runed translucent doors, ALWAYSlose's ghost, journeyman DsFi; Daunt's ghost, journeyman DEFE; Hemag's ghost, journeyman MiBe; Zaevetera's ghost, journeyman TeAE
Elf:2 3 runed translucent doors


Message History

The jumping spider closely misses you.
Unknown command.
You feel much better.
You hear the faint crackling of a melting archway very nearby.
You feel sick. The jumping spider pounces on you!!
* * * LOW HITPOINT WARNING * * *
You are even more entangled.
The jumping spider bites you.
* * * LOW HITPOINT WARNING * * *
The redback bites you.
* * * LOW HITPOINT WARNING * * *
A redback comes into view.
The moth of wrath goads the redback on!
The redback goes berserk!
The entropy weaver pulls away from the web.
The jumping spider closely misses you.
The jumping spider bites you but does no damage.
The redback closely misses you.
You feel much better.
You feel sick.
The redback bites you but does no damage.
The jumping spider pounces on you.
* * * LOW HITPOINT WARNING * * *
The jumping spider bites you but does no damage.
The moth of wrath bites you!
* * * LOW HITPOINT WARNING * * *
The moth of wrath infuriates you!
A red film seems to cover your vision as you go berserk!
You feel yourself moving faster!
You feel mighty! The redback bites you!
* * * LOW HITPOINT WARNING * * *
The jumping spider pounces on you!!
* * * LOW HITPOINT WARNING * * *
You are even more entangled.
The jumping spider bites you but does no damage.
You are too berserk!
Unknown command.
You are too berserk!
You are too berserk!
You are too berserk!
You struggle to detach yourself from the web.
The redback bites you but does no damage.
The jumping spider pounces on you!
You die...

,,**,,,**,,**,*,**,,##..#..,*,***
,*,,,*,*,,,^*,,,*,,##...#.#,,^,,#
**,,,**,,*,*****,,,#..##..######.
,*,*,,,,^**#,**,,,##...##.....#..
,******,,*<#.,,,###..#.^.#.......
** *,,,,*,,.,,##(.....#.##.#..#.
**,,**,,#.*#...#.#....#.#....
*,,,*,,##.###..#.#..#.#....##
***,,**,#.sBy@^.^#...###..#...
*,,^*#...###ss#..#.#..#...#.).
*,***.........#^.#....#...#..#
**,***..##...#.###..#††###>#.†#
***,,,,,*,...##..#.#.##....###..#
*,,,,,,,.....*,..#..##....###..##
^,,,,,,,....,*.#.#......#...##..#
,,,,,,,,...,***#####...##...#...#
^,,,,∩,,...,* #..#.#*#..#..##


You could see an entropy weaver, a moth of wrath, a jumping spider (berserk) and
2 redbacks.

Vanquished Creatures
  Rupert (D:14)
  Jorgrun (D:13)
  Asterion (Spider:2)
  Gastronok (Lair:1)
  Frances (Spider:2)
  Agnes (Spider:1)
  2 ghost moths
  Nessos (D:12)
  A deep elf annihilator (Elf:1)
  Azrael (Elf:1)
  A minotaur (Gauntlet)
  Snorg (D:10)
  A fire dragon (D:12)
  Fannar (D:10)
  6 hydras
  5 boulder beetles
  4 vault guards (D:14)
  A catoblepas (Lair:5)
  2 two-headed ogres
  6 centaur warriors
  2 tengu warriors (D:15)
  19 dancing weapons
  The ghost of Gelion the Destroyer, a novice GnCj of Cheibriados (D:9)
  7 orc high priests
  12 deep elf knights
  A sixfirhy (Gauntlet)
  2 skeletal warriors (D:15)
  10 deep elf archers
  A wizard (D:15)
  A phantasmal warrior (D:15)
  Pikel (D:5)
  A necromancer (D:15)
  27 deep elf pyromancers
  The ghost of siradein the Shooter, a novice MiHu of Okawaru (D:6)
  The ghost of croobank the Poker, a novice GnCA of Ignis (D:8)
  25 deep elf zephyrmancers
  7 ugly things
  2 orc sorcerers
  15 wolf spiders
  A fire giant zombie (D:15)
  2 oklob plants (D:11)
  A cyclops (D:14)
  10 orb spiders
  4 manticores
  9 elephants
  The ghost of Atlas the Magician, a novice DjFE (D:5)
  A torpor snail (Lair:3)
  8 black mambas
  A guardian serpent (Lair:6)
  Maurice (D:13)
  16 cane toads
  A gargoyle (D:12)
  A freezing wraith (D:14)
  6 komodo dragons
  A rime drake (Lair:3)
  2 efreet
  3 yaktaurs (D:15)
  3 demonic crawlers
  7 trolls
  12 jumping spiders
  A meliai (shapeshifter) (D:15)
  2 polar bears (Lair:2)
  11 slime creatures
  4 hornets
  A raiju (Gauntlet)
  10 blink frogs
  2 dream sheep (Lair:3)
  3 spriggan zombies (D:15)
  16 tarantellas
  A vampire (D:10)
  4 shadows
  2 air elementals (Elf:1)
  6 wraiths
  29 redbacks
  56 yaks
  Sigmund (D:5)
  A water elemental (Elf:1)
  A spriggan (Lair:2)
  3 basilisks
  10 wyverns
  6 steam dragons
  9 fire elementals
  The ghost of fragbeetle the Ruffian, an amateur DrTm of Uskayaw (D:4)
  9 vampire mosquitoes
  8 wargs
  4 hell hounds
  22 water moccasins
  An acid dragon (D:11)
  7 orc warriors
  A hornet zombie (D:5)
  2 black bears
  An ice beast (D:5)
  2 sky beasts
  12 ogres
  A necrophage (D:12)
  A tengu (shapeshifter) (D:9)
  19 wolves
  11 centaurs
  A centaur (shapeshifter) (D:15)
  A lemure (D:5)
  3 kobold brigands
  A gnoll sergeant (D:9)
  15 bullfrogs
  A water moccasin zombie (D:5)
  A scorpion (Lair:3)
  5 killer bees (D:10)
  2 wights (D:12)
  2 electric eels
  A bullfrog zombie (D:6)
  4 centaur zombies
  A spectral centaur (D:6)
  A hound (D:6)
  5 jellies
  34 orc priests
  Crazy Yiuf (D:4)
  3 centaur skeletons
  A bullfrog skeleton (D:4)
  16 orc wizards
  3 iguanas
  3 howler monkey zombies
  2 mummies (D:12)
  11 gnolls
  3 howler monkey skeletons
  7 adders
  6 ufetubi
  An adder skeleton (D:4)
  2 worms
  6 dart slugs
  69 orcs
  7 endoplasms
  A giant cockroach (D:4)
  17 goblins
  9 hobgoblins
  2 jackals (D:2)
  20 kobolds
  4 quokkas
  11 ball pythons
  3 bats
  2 frilled lizards (D:3)
  6 rats
841 creatures vanquished.

Vanquished Creatures (others)
  A deep elf knight (Elf:1)
  A cane toad (Lair:6)
  An orc wizard (D:6)
  43 fungi
  50 plants
  7 withered plants
103 creatures vanquished.

Grand Total: 944 creatures vanquished

Notes
Turn   | Place    | Note
-------+----------+-------------------------------------------
     0 | D:1      | blank1 the Hill Orc Fighter began the quest for the Orb.
     0 | D:1      | Reached XP level 1. HP: 19/19 MP: 1/1
    54 | D:1      | Found a faded altar of an unknown god.
   117 | D:1      | Reached XP level 2. HP: 24/27 MP: 2/2
   553 | D:1      | Reached XP level 3. HP: 33/33 MP: 3/3
   647 | D:1      | Reached skill level 4 in Fighting
   782 | D:2      | Found a stormy altar of Qazlal.
   844 | D:2      | Reached skill level 1 in Dodging
   863 | D:2      | Found Hunoel's Jewellery Shop.
   947 | D:2      | Reached XP level 4. HP: 40/40 MP: 4/4
  1913 | D:3      | Reached XP level 5. HP: 32/46 MP: 5/5
  2153 | D:3      | Found Lout Ywe's Magic Scroll Emporium.
  2409 | D:3      | Reached skill level 5 in Axes
  2432 | D:3      | Reached XP level 6. HP: 34/53 MP: 6/6
  2759 | D:3      | Found a glowing silver altar of Zin.
  2862 | D:4      | Found a runed translucent door.
  2863 | D:4      | Noticed Crazy Yiuf
  2908 | D:4      | Killed Crazy Yiuf
  3067 | D:4      | Found a hide-covered altar of Uskayaw.
  3094 | D:4      | Noticed a black bear
  3102 | D:4      | Killed a black bear
  3103 | D:4      | Reached skill level 5 in Fighting
  3251 | D:4      | Reached XP level 7. HP: 61/61 MP: 7/7
  3382 | D:4      | Found a large runed translucent door.
  3382 | D:4      | Found a large runed translucent door.
  3384 | D:4      | Noticed fragbeetle's ghost (amateur DrTm)
  3432 | D:4      | Found a white marble altar of Elyvilon.
  3452 | D:4      | Found an ornate altar of the Wu Jian Council.
  3612 | D:4      | Killed fragbeetle's ghost
  3613 | D:4      | Reached skill level 6 in Fighting
  3643 | D:5      | Entered Level 5 of the Dungeon
  3797 | D:5      | Found a large runed translucent door.
  3798 | D:5      | Found a large runed translucent door.
  3813 | D:5      | Noticed Atlas's ghost (novice DjFE)
  3839 | D:5      | Noticed Sigmund
  4180 | D:5      | Killed Sigmund
  4181 | D:5      | Reached skill level 5 in Armour
  4181 | D:5      | Reached XP level 8. HP: 49/70 MP: 8/8
  4467 | D:5      | Noticed Pikel
  4483 | D:5      | Killed Pikel
  4484 | D:5      | Reached skill level 7 in Fighting
  4715 | D:5      | Found a large runed translucent door.
  4716 | D:5      | Found a large runed translucent door.
  4965 | D:5      | Reached skill level 10 in Axes
  5129 | D:5      | Found an opulent altar of Gozag.
  5140 | D:5      | Found a sacrificial altar of Ru.
  5242 | D:5      | Killed Atlas's ghost
  5243 | D:5      | Reached XP level 9. HP: 20/81 MP: 9/9
  5547 | D:6      | Reached skill level 8 in Fighting
  6058 | D:6      | Found a runed translucent gate.
  6058 | D:6      | Found a runed translucent gate.
  6058 | D:6      | Found a runed translucent gate.
  6059 | D:6      | Noticed siradein's ghost (novice MiHu)
  6252 | D:6      | Reached skill level 5 in Dodging
  6802 | D:7      | Found a basalt altar of Yredelemnul.
  6863 | D:7      | Found a staircase to the Ecumenical Temple.
  6871 | Temple   | Entered the Ecumenical Temple
  6927 | Temple   | Became a worshipper of Warmaster Okawaru
  7120 | D:7      | Reached skill level 1 in Invocations
  7690 | D:8      | Noticed croobank's ghost (novice GnCA)
  7727 | D:8      | Reached skill level 9 in Fighting
  7802 | D:8      | Reached * piety under Okawaru
  7896 | D:8      | Found a transporter.
  7896 | D:8      | Found a transporter.
  7931 | D:8      | Reached XP level 10. HP: 91/91 MP: 11/13
  8047 | D:8      | Noticed a two-headed ogre
  8058 | D:8      | Reached skill level 10 in Fighting
  8068 | D:8      | Killed a two-headed ogre
  8068 | D:8      | Reached ** piety under Okawaru
  8338 | D:6      | Killed siradein's ghost
  8422 | D:8      | Reached skill level 11 in Fighting
  8452 | D:8      | Killed croobank's ghost
  8565 | D:9      | Reached *** piety under Okawaru
  8892 | D:9      | Reached skill level 12 in Fighting
  9008 | D:9      | Paralysed by an orc for 3 turns
  9105 | D:9      | Found a runed translucent door.
  9105 | D:9      | Noticed Gelion's ghost (novice GnCj)
  9499 | D:9      | Killed Gelion's ghost
  9500 | D:9      | Reached XP level 11. HP: 89/104 MP: 14/14
  9506 | D:9      | Identified the amulet of Olupaps {Faith Int+6}
  9697 | D:10     | Entered Level 10 of the Dungeon
  9697 | D:10     | Noticed Kuderic's ghost (journeyman MiBe)
  9697 | D:10     | Found a runed translucent door.
 10160 | D:10     | Noticed Fannar
 10169 | D:10     | Killed Fannar
 10169 | D:10     | Reached **** piety under Okawaru
 10377 | D:10     | Noticed Snorg
 10392 | D:10     | Killed Snorg
 10870 | D:10     | Found a hazy altar of Hepliaklqana.
 11000 | D:10     | Identified the +6 dire flail of Autumn {vorpal, Str+2}
 11053 | D:11     | Noticed an oklob plant
 11058 | D:11     | Found a staircase to the Lair.
 11058 | D:11     | Noticed an oklob plant
 11064 | D:11     | Killed an oklob plant
 11081 | D:11     | Killed an oklob plant
 11160 | D:11     | Reached skill level 13 in Fighting
 11282 | D:11     | Noticed a manticore
 11287 | D:11     | Killed a manticore
 11310 | D:11     | Noticed a manticore
 11317 | D:11     | Killed a manticore
 11387 | D:11     | Noticed a two-headed ogre
 11411 | D:11     | Killed a two-headed ogre
 11411 | D:11     | Reached ***** piety under Okawaru
 11858 | D:11     | Identified a scroll of acquirement
 11862 | D:11     | Acquired 1066 gold pieces
 11889 | Lair:1   | Entered Level 1 of the Lair of Beasts
 11891 | Lair:1   | Noticed a five-headed hydra
 11903 | Lair:1   | Killed a five-headed hydra
 11904 | Lair:1   | Reached XP level 12. HP: 94/115 MP: 13/15
 12004 | Lair:1   | Noticed Gastronok
 12021 | Lair:1   | Killed Gastronok
 12022 | Lair:1   | Reached skill level 14 in Fighting
 12022 | Lair:1   | Reached skill level 15 in Axes
 12105 | Lair:1   | Acquired the amulet "Gujekka" {rElec Will+ Regen+ Dex+3}
 12178 | Lair:1   | Received a gift from Okawaru
 12788 | Lair:2   | Identified the +2 robe of the Stars {+Inv}
 12801 | Lair:2   | Noticed a boulder beetle
 12826 | Lair:2   | Killed a boulder beetle
 12972 | Lair:2   | Reached skill level 15 in Fighting
 12989 | Lair:2   | Noticed a seven-headed hydra
 13013 | Lair:2   | Killed a seven-headed hydra
 13013 | Lair:2   | Reached ****** piety under Okawaru
 13026 | Lair:2   | Reached skill level 10 in Armour
 13087 | Lair:2   | Reached skill level 5 in Shields
 13727 | Lair:3   | Identified the +7 hand crossbow of Dust {vorpal, Will+}
                  | (Okawaru gifted it to you on level 3 of the Lair of Beasts)
 13727 | Lair:3   | Received a gift from Okawaru
 13728 | Lair:3   | Reached XP level 13. HP: 104/126 MP: 16/16
 13964 | Lair:3   | Identified the ring of Music {Wiz Dex+4}
 14153 | Lair:3   | Identified the ring "Widd" {Ice Str+3 Int-3 Dex+9}
 14312 | Lair:4   | Received a gift from Okawaru
 14491 | Lair:4   | You fall into a shaft and drop 2 floors!
 14491 | Lair:6   | Entered Level 6 of the Lair of Beasts
 14563 | Lair:5   | Reached skill level 10 in Shields
 14667 | Lair:4   | Found a gate leading to a gauntlet.
 14680 | Gauntlet | Entered a Gauntlet
 14680 | Gauntlet | Found a transporter.
 14680 | Gauntlet | Found a transporter.
 14698 | Gauntlet | Found a transporter.
 14701 | Gauntlet | Found a transporter.
 14718 | Gauntlet | Found a transporter.
 14726 | Gauntlet | Found a transporter.
 14730 | Gauntlet | Found a transporter.
 14734 | Gauntlet | Found a runed translucent door.
 14734 | Gauntlet | Found a runed translucent door.
 14738 | Gauntlet | Found a transporter.
 14755 | Gauntlet | Found a transporter.
 14769 | Gauntlet | Found a transporter.
 14773 | Gauntlet | Found a transporter.
 14782 | Gauntlet | Found a transporter.
 14909 | Gauntlet | Identified the -3 hat "Hafiupip" {Str+5}
 14918 | Gauntlet | Noticed a minotaur
 14933 | Gauntlet | Killed a minotaur
 14967 | Gauntlet | Identified the +0 scale mail of Magumi {Contam rC+ MP+9
                  | Str+4 Int+2}
 14967 | Gauntlet | Identified the ring "Zeel" {Wiz Dex+4}
 14968 | Gauntlet | Got Tiroej's Tome of Quantum Execration
 14968 | Gauntlet | Got the Tome of the Twisted Frostbite
 15016 | Lair:4   | Found a hole to the Spider Nest.
 15071 | Lair:4   | Reached skill level 1 in Long Blades
 15395 | Lair:4   | Received a gift from Okawaru
 15480 | Lair:4   | Found a staircase to the Swamp.
 15975 | Lair:5   | Reached XP level 14. HP: 106/135 MP: 17/17
 16200 | Lair:5   | Found a staircase to the Slime Pits.
 16603 | Lair:6   | Reached skill level 16 in Fighting
 17040 | Lair:6   | Identified the +2 pair of gloves "Lisuoxt" {rF+ Will++
                  | rCorr Int-3} (Okawaru gifted it to you on level 6 of the
                  | Lair of Beasts)
 17040 | Lair:6   | Received a gift from Okawaru
 17243 | Lair:6   | Reached skill level 17 in Fighting
 17973 | D:12     | Noticed Nessos
 18008 | D:12     | Killed Nessos
 18331 | D:12     | Found a staircase to the Orcish Mines.
 19004 | D:13     | Found a runed translucent gate.
 19004 | D:13     | Found a runed translucent gate.
 19004 | D:13     | Noticed ALWAYSlose's ghost (journeyman DsFi)
 19005 | D:13     | Found a runed translucent gate.
 19005 | D:13     | Noticed Daunt's ghost (journeyman DEFE)
 19005 | D:13     | Noticed Hemag's ghost (journeyman MiBe)
 19009 | D:13     | Noticed Zaevetera's ghost (journeyman TeAE)
 19085 | D:13     | Noticed Jorgrun
 19102 | D:13     | Killed Jorgrun
 19302 | D:13     | Found Boesoun's Overcharged Wands.
 19318 | D:13     | Noticed Maurice
 19328 | D:13     | Killed Maurice
 19928 | D:14     | Reached skill level 18 in Fighting
 20240 | D:14     | Reached XP level 15. HP: 149/149 MP: 18/18
 20283 | D:14     | Found a gate to the Vaults.
 20325 | D:14     | Identified the +1 arbalest "Pewk" {flame, Fragile +Blink
                  | rN+ Dex+5} (Okawaru gifted it to you on level 14 of the
                  | Dungeon)
 20325 | D:14     | Received a gift from Okawaru
 20641 | D:14     | Noticed Rupert
 20653 | D:14     | Killed Rupert
 20871 | D:15     | Entered Level 15 of the Dungeon
 20879 | D:15     | Identified the +4 dagger of Okawaru's Delight {spect, *Slow
                  | rN+++ MP+9 Dex+3} (Okawaru gifted it to you on level 15 of
                  | the Dungeon)
 20879 | D:15     | Received a gift from Okawaru
 21203 | D:15     | Found a staircase to the Depths.
 21239 | D:15     | Identified the +8 broad axe of the Trees {protect, Will+
                  | Str+4} (Okawaru gifted it to you on level 15 of the
                  | Dungeon)
 21239 | D:15     | Received a gift from Okawaru
 21658 | Orc:1    | Entered Level 1 of the Orcish Mines
 21904 | Orc:1    | Found a roughly hewn altar of Beogh.
 22032 | Orc:2    | Entered Level 2 of the Orcish Mines
 22316 | Orc:2    | Reached skill level 19 in Fighting
 22746 | Orc:2    | Found a staircase to the Elven Halls.
 22840 | Orc:2    | Found Xurrautt's Distillery.
 22840 | Orc:2    | Found Huock's Jewellery Shoppe.
 22864 | Orc:2    | Received a gift from Okawaru
 22929 | Orc:2    | Found a roughly hewn altar of Beogh.
 23014 | Orc:2    | Found Beoz's Magic Scroll Boutique.
 23014 | Orc:2    | Found Meqaikk's Armour Shoppe.
 23020 | Orc:2    | Bought a scroll of enchant armour for 90 gold pieces
 23020 | Orc:2    | Bought 2 scrolls of teleportation for 72 gold pieces
 23335 | Elf:1    | Entered Level 1 of the Elven Halls
 23391 | Elf:1    | Reached XP level 16. HP: 158/162 MP: 19/19
 23410 | Elf:1    | Reached skill level 20 in Fighting
 23423 | Elf:1    | Noticed Azrael
 23428 | Elf:1    | Reached skill level 5 in Invocations
 23442 | Elf:1    | Killed Azrael
 23683 | Elf:1    | Received a gift from Okawaru
 24323 | Elf:1    | Paralysed by an air elemental for 1 turns
 24554 | Elf:1    | Received a gift from Okawaru
 24984 | Elf:2    | Identified the +0 robe "Noz Cexkew" {Regen+ rCorr Str+5}
 25104 | Elf:2    | Reached XP level 17. HP: 170/170 MP: 21/21
 25345 | Elf:2    | Found a runed translucent gate.
 25345 | Elf:2    | Found a runed translucent gate.
 25345 | Elf:2    | Found a runed translucent gate.
 25354 | Elf:2    | Noticed a deep elf blademaster
 25695 | Spider:1 | Entered Level 1 of the Spider Nest
 25701 | Spider:1 | Reached skill level 15 in Armour
 25703 | Spider:1 | Reached skill level 15 in Shields
 25735 | Spider:1 | Noticed Agnes
 25749 | Spider:1 | Killed Agnes
 25859 | Spider:1 | Received a gift from Okawaru
 26275 | Spider:1 | Identified the +7 arbalest of Yzomak Ysao {freeze, rElec
                  | Int+8 Dex-4 SInv}
 26303 | Spider:2 | Noticed Asterion
 26306 | Spider:2 | Noticed an Executioner
 26344 | Spider:2 | Killed Asterion
 26513 | Spider:2 | Noticed Frances
 26525 | Spider:2 | Killed Frances
 26567 | Spider:2 | Reached skill level 10 in Dodging
 26909 | Spider:2 | Identified the +1 ring mail of Prudence {rPois Will+ Int+4}
 27218 | Spider:3 | Identified the +2 hand axe "Wirorad" {vorpal, Will+ Stlth+}
 27317 | Spider:3 | Received a gift from Okawaru
 27326 | Spider:3 | HP: 1/258 [jumping spider (21)]
 27327 | Spider:3 | Slain by a jumping spider

Illustrated notes

Levels and vault maps discovered:
D:1:      dpeg_arrival_pits, layout_basic,
          shapermc_ecumenical_altar_starsandcircs, nicolae_wormholes
D:2:      layout_basic, basic_altar, serial_shops, shop
D:3:      layout_basic, zin_scriptorium, serial_shops,
          nicolae_shop_temple_entry_statues_fountains
D:4:      layout_rooms, marbit_many_paths, nicolae_overflow_hidden_temple,
          nicolae_wu_jian_immortal_techniques, ebering_ghost_disaster_area,
          uniq_crazy_yiuf_cottage
D:5:      layout_gridville, jmf_multi_god_temple2, ebering_ghost_disaster_area,
          uniq_sigmund, uniq_pikel
D:6:      layout_cave_pools, gammafunk_ghost_necromancy, corexii_shack
D:7:      layout_basic, mainiacjoe_overflow_catwalk,
          minmay_temple_entry_glassed_door
D:8:      layout_rooms, gammafunk_ghost_smash
D:9:      statuecave_lemuel, layout_basic, ebering_ghost_reflecting_pool
D:10:     layout_basic, nicolae_hepliaklqana_hippocampus,
          hellmonk_ghost_happy_afterlife, uniq_fannar, uniq_snorg
D:11:     layout_roguey, dpeg_oklobed_lair
D:12:     layout_irregular_city, erik_orc_3, serial_undead, serial_undead_e,
          serial_undead_d, serial_undead_c, serial_undead_c,
          hangedman_abyss_or_decor_jellyfish_corner, uniq_nessos
D:13:     layout_cave_pods, gammafunk_ghost_cemetery,
          nicolae_shop_overcharged_wands, uniq_jorgrun, uniq_maurice
D:14:     layout_basic, lightli_vaults_fourway_checkpoint, uniq_rupert
D:15:     gammafunk_depths_entry_grave, layout_rooms, serial_bayou_crossing
Temple:   eino_narrow_crystal_temple
Lair:1:   layout_misc_corridors, serial_bayou_shore_b, uniq_gastronok
Lair:2:   layout_regular_city, grunt_forest_stairs_clearing
Lair:3:   layout_chaotic_city, wad_woods_river_02
Lair:4:   layout_cave_pods, swamp_mist_pool, nicolae_spider_entry_orb_guardian,
          gauntlet_entry_generic
Lair:5:   layout_regular_city, nicolae_slime_entry_slimehenge
Lair:6:   hangedman_lair_tendril_chambers, layout_cave_pods
Spider:1: layout_spider_delve, uniq_agnes
Spider:2: layout_spider_delve, uniq_asterion, uniq_frances
Spider:3: layout_spider_delve, portal_ice_cave_entry_ice_statue_two,
          uniq_bai_suzhen
Orc:1:    layout_caves, basic_altar
Orc:2:    st_orc_town, layout_diamond_mine
Elf:1:    nicolae_elf_arrival_no_cutting_in_line, layout_geoelf_diagonals,
          hangedman_elven_crosses_minicolossus, corexii_leaking_fountain,
          uniq_azrael
Elf:2:    nicolae_elf_blades_splatter_lattice [nicolae_blade_lattice],
          layout_geoelf_octagon

Skill      XL: |  1  2  3  4  5  6  7  8  9 10 11 12 13 14 15 16 17 |
---------------+----------------------------------------------------+-----
Axes           | 3 4 5 6 8 10 12 14 16 18 | 18.0
Fighting       | 4 5 6 7 9 12 13 15 18 19 20 | 20.7
Dodging        | 1 2 3 5 6 8 10 | 10.0
Armour         | 4 5 6 7 8 10 12 13 14 15 | 15.0
Shields        | 4 6 10 13 14 15 | 15.0
Invocations    | 4 6 |  6.0
Long Blades    | 3 4 |  4.0

Action                   |  1- 3 |  4- 6 |  7- 9 | 10-12 | 13-15 | 16-18 || total
-------------------------+-------+-------+-------+-------+-------+-------++-------
Melee: War axe           |    86 |   161 |   269 |   350 |   786 |       ||  1652
       Flail             |       |       |       |    29 |    29 |       ||    58
       Scimitar          |       |       |       |       |    19 |       ||    19
       Broad axe         |       |       |       |       |   222 |   622 ||   844
Throw: Throwing net      |       |       |       |       |     2 |       ||     2
Invok: Heroism           |       |       |       |     3 |     7 |     1 ||    11
       Finesse           |       |       |       |       |       |     1 ||     1
  Use: Scroll            |       |     5 |     8 |    12 |     4 |     2 ||    31
       Potion            |       |       |     1 |     3 |       |     2 ||     6
 Stab: Distracted        |       |       |       |    10 |    16 |       ||    26
Armor: Scale mail        |    12 |       |       |       |       |       ||    12
       Plate armour      |    56 |   122 |   133 |   226 |   454 |    23 ||  1014
       Crystal plate arm |       |       |       |       |       |   302 ||   302
Dodge: Dodged            |    41 |    53 |    58 |    98 |   285 |   177 ||   712
Block: Buckler           |    20 |    35 |    84 |    56 |       |       ||   195
       Reflection        |       |       |     3 |     7 |       |       ||    10
       Kite shield       |       |       |       |   144 |   634 |   351 ||  1129

Table legend: (Time is in decaauts)
 A = Elapsed time spent in this place.
 B = Non-inter-level travel time spent in this place.
 C = Inter-level travel time spent in this place.
 D = Time resting spent in this place.
 E = Time spent auto-exploring this place.
 F = Levels seen in this place.
 G = Mean time per level.
                   A        B        C        D        E       F      G
               +--------+--------+--------+--------+--------+-----+--------+
         Total |  27075 |  25350 |   1725 |   2282 |  16818 |  30 |  902.5 |
       Dungeon |  15604 |  14666 |    938 |   1876 |   9984 |  15 | 1040.3 |
        Temple |     71 |     57 |     14 |      0 |     45 |   1 |   71.0 |
          Lair |   5823 |   5453 |    370 |    178 |   3869 |   6 |  970.5 |
   Spider Nest |   1543 |   1442 |    101 |    138 |    825 |   3 |  514.3 |
  Orcish Mines |   1726 |   1554 |    172 |      8 |    935 |   2 |  863.0 |
   Elven Halls |   2024 |   1896 |    128 |     82 |   1027 |   2 | 1012.0 |
      Gauntlet |    281 |    281 |      0 |      0 |    132 |   1 |  281.0 |
               +--------+--------+--------+--------+--------+-----+--------+

Top non-repeatable levels by time:
     D:5: 2029 daAuts
   Elf:1: 1417 daAuts
    D:10: 1352 daAuts
   Orc:2: 1329 daAuts
     D:3: 1309 daAuts
  Lair:4: 1268 daAuts
  Lair:6: 1243 daAuts
    D:14: 1176 daAuts
     D:9: 1137 daAuts
     D:6: 1130 daAuts
    D:12: 1065 daAuts
  Lair:1: 919 daAuts
     D:7: 916 daAuts
    D:11: 913 daAuts
    D:13: 886 daAuts
